[Event "Early-Titled-Tuesday-Blitz-June-18-2024"]
[Site "Chess.com"]
[Date "2024.06.18"]
[Round "7"]
[White "Tol_Tol"]
[Black "BM223344"]
[Result "0-1"]
[WhiteElo "2354"]
[BlackElo "2566"]
[TimeControl "180+1"]
[EndTime "9:19:13 PDT"]
[Termination "BM223344 won on time"]

1. d4 Nf6 2. c4 g6 3. Nc3 Bg7 4. e4 d6 5. f3 O-O 6. Be3 e5 7. Nge2 exd4 8. Nxd4 c6 9. Be2 d5 10. cxd5 cxd5 11. e5 Nfd7 12. f4 Nc6 13. O-O Re8 14.
Bf3 Nb6 15. b3 Nxd4 16. Bxd4 Be6 17. Nb5 Bf8 18. Rc1 Re7 19. Bc5 Rd7 20. Bxf8 Qxf8 21. Nd6 Nc8 22. Nb5 Qb4 23. Nd4 Ne7 24. Kh1 Nf5 25.
Nxe6 fxe6 26. Bg4 Rf8 27. Bxf5 Rxf5 28. Rc8+ Kg7 29. Qg4 d4 30. Re8 d3 31. Rxe6 d2 32. Rf6 Rf7 33. Rxf7+ Rxf7 0-1

[Event "Early-Titled-Tuesday-Blitz-June-18-2024"]
[Site "Chess.com"]
[Date "2024.06.18"]
[Round "7"]
[White "AndresDelgado77"]
[Black "FMalexhdez"]
[Result "1-0"]
[WhiteElo "2360"]
[BlackElo "2287"]
[TimeControl "180+1"]
[EndTime "9:19:16 PDT"]
[Termination "AndresDelgado77 won by checkmate"]

1. e4 c5 2. Nf3 d6 3. d4 cxd4 4. Qxd4 Nf6 5. Nc3 Nc6 6. Bb5 Bd7 7. Qd3 e6 8. Bf4 e5 9. Bg5 Qa5 10. O-O-O Nb4 11. Qc4 a6 12. Bxd7+ Nxd7 13. a3 Nc6 14. Nd5 Rc8 15. Be3 b5 16. Qb3 g6 17. Ng5 Qa4 18.
Nf6+ Nxf6 19. Qxf7+ Kd8 20. Ne6# 1-0

[Event "Early-Titled-Tuesday-Blitz-June-18-2024"]
[Site "Chess.com"]
[Date "2024.06.18"]
[Round "7"]
[White "Alenzer"]
[Black "KevinGeorgeMicheal"]
[Result "0-1"]
[WhiteElo "2169"]
[BlackElo "2470"]
[TimeControl "180+1"]
[EndTime "9:19:17 PDT"]
[Termination "KevinGeorgeMicheal won by checkmate"]

1. e4 c6 2. Nc3 d5 3. Qe2 Nf6 4. e5 Nfd7 5. d4 e6 6. Nf3 c5 7. Bg5 Qa5 8. Qb5 Qc7 9. O-O-O a6 10. Qd3 Nc6 11. Bf4 b5 12. dxc5 Bxc5 13. Bg3 Bb7 14. Be2 Rc8 15. Rhe1 Qa5 16. Kb1 Bb4 17. a3 Bxc3 18.
Qxc3 b4 19. Qb3 Nc5 20. axb4 Nxb4 21. Qa3 Na4 22. Nd4 Nc3+ 23. Kc1 Nba2+ 24. Kd2 Nb1+ 25.
Ke3 Nxa3 26. bxa3 Nc3 27. Rd3 Nxe2 28. Rxe2 Rc3 29. Nb3 Qb6+ 30. Kd2 Rxd3+ 31. Kxd3 O-O 32. Nd4 Rc8 33. f4 Rc4 34. Bf2 Qa5 35. Ke3 Qc3# 0-1

[Event "Early-Titled-Tuesday-Blitz-June-18-2024"]
[Site "Chess.com"]
[Date "2024.06.18"]
[Round "7"]
[White "Heliosis11"]
[Black "Iskusnyh"]
[Result "1-0"]
[WhiteElo "2458"]
[BlackElo "2632"]
[TimeControl "180+1"]
[EndTime "9:19:18 PDT"]
[Termination "Heliosis11 won on time"]

1. e4 e6 2. d4 d5 3. Nc3 Nf6 4. e5 Nfd7 5. f4 c5 6. Nf3 Nc6 7. Be3 Rb8 8. Qd2 Qa5 9. dxc5 Bxc5 10. Nd4 O-O 11. a3 Bxd4 12. Bxd4 b5 13. Ne2 b4 14. g3 Ba6 15. a4 Nc5 16. Bg2 Bxe2 17. Kxe2 Rbc8 18. Rhd1 Rfd8 19. b3 Ne4 20. Bxe4 dxe4 21.
Qe3 Nxd4+ 22. Rxd4 Rxc2+ 23. Kf1 Rxd4 24. Qxd4 Rxh2 25.
Kg1 Rc2 26. Rd1 g6 27. Qxe4 Qb6+ 28. Qd4 Qxd4+ 29. Rxd4 Rc3 30. Rxb4 Rxg3+ 31. Kf2 Rc3 32. Rb8+ Kg7 33. b4 h5 34. a5 Rb3 35. b5 g5 36. fxg5 Kg6 37. a6 Kxg5 38. b6 Kf4 39. bxa7 1-0

[Event "Early-Titled-Tuesday-Blitz-June-18-2024"]
[Site "Chess.com"]
[Date "2024.06.18"]
[Round "7"]
[White "crazy_but_lazy"]
[Black "Sanan_Sjugirov"]
[Result "0-1"]
[WhiteElo "2668"]
[BlackElo "2942"]
[TimeControl "180+1"]
[EndTime "9:19:20 PDT"]
[Termination "Sanan_Sjugirov won by resignation"]

1. Nf3 Nf6 2. c4 b6 3. e3 Bb7 4. b3 g6 5. Bb2 Bg7 6. Be2 O-O 7. Nc3 d6 8. O-O Nbd7 9. d4 e5 10. Rc1 Re8 11. dxe5 Nxe5 12. Nxe5 dxe5 13. Qxd8 Rexd8 14. Rfd1 a6 15. Bf3 e4 16. Be2 Nd7 17. Kf1 Nc5 18. Rxd8+ Rxd8 19. Rd1 Rxd1+ 20. Nxd1 Bxb2 21. Nxb2 a5 22.
Ke1 Kg7 23. Kd2 Kf6 24. Kc3 Ke5 25. a3 f5 26. b4 axb4+ 27. axb4 Ne6 28. f4+ exf3 29.
gxf3 f4 30. Nd3+ Kf5 31. e4+ Kg5 32. c5 Kh4 33. cxb6 cxb6 34. Nf2 g5 35. Bc4 Nd8 36. Kd4 Nc6+ 37. Kc3 Ne5 38. Be2 h5 39. b5 g4 40.
Kd4 g3 41. hxg3+ fxg3 42. Ke3 g2 0-1

[Event "Early-Titled-Tuesday-Blitz-June-18-2024"]
[Site "Chess.com"]
[Date "2024.06.18"]
[Round "7"]
[White "TitarovVasiliYouTube"]
[Black "Matalon"]
[Result "0-1"]
[WhiteElo "2583"]
[BlackElo "2459"]
[TimeControl "180+1"]
[EndTime "9:19:20 PDT"]
[Termination "Matalon won by checkmate"]

1. a3 g6 2. c4 Bg7 3. Nc3 Nf6 4. b4 O-O 5. Bb2 d6 6. d4 e5 7. d5 e4 8. e3 Re8 9. Nge2 h5 10. Nd4 c5 11. bxc5 dxc5 12. Nb3 b6 13. Be2 Bf5 14.
O-O Nbd7 15. d6 Ne5 16. Nb5 Nd3 17. Bxd3 exd3 18. Nc7 Qxd6 19. Nxa8 Ng4 20. g3 Bxb2 21. Ra2 Bg7 22. Nd2 Rxa8 23. e4 Be6 24. a4 Rd8 25. a5 h4 26. axb6 axb6 27. Ra6 hxg3 28. hxg3 Bd4 29. Qf3 Qe5 30. Kg2 Kg7 31. Rxb6 Rh8 32. Rh1 Rxh1 33. Kxh1 Bxf2 34. Kg2 Bd4 35. Qf4 Qh5 36.
Nf3 Ne3+ 37. Kg1 Nd5+ 38. Nxd4 Nxf4 39. gxf4 Qg4+ 40. Kf2 cxd4 41. f5 gxf5 42. exf5 d2 43. fxe6 d1=Q 44. e7 Qgf3# 0-1

[Event "Early-Titled-Tuesday-Blitz-June-18-2024"]
[Site "Chess.com"]
[Date "2024.06.18"]
[Round "7"]
[White "szefru"]
[Black "Likvidator228"]
[Result "0-1"]
[WhiteElo "2317"]
[BlackElo "2546"]
[TimeControl "180+1"]
[EndTime "9:19:22 PDT"]
[Termination "Likvidator228 won on time"]

1. e4 c5 2. Nf3 g6 3. d4 cxd4 4. Qxd4 Nf6 5. e5 Nc6 6. Qh4 Nxe5 7. Nxe5 Qa5+ 8. Nc3 Qxe5+ 9. Be2 Bg7 10. O-O O-O 11. Bh6 d6 12. Rae1 Qc5 13. Be3 Qc7 14. Bd3 a6 15. f4 b5 16. f5 Bb7 17. a4 bxa4 18.
fxg6 hxg6 19. Nxa4 Rac8 20. Nb6 Rb8 21. Nc4 d5 22.
Nd2 e5 23. Bg5 Nh7 24. Bh6 e4 25. Bxg7 Kxg7 26. Re3 Qc5 27. Qf2 exd3 28. cxd3 Rbc8 29. Nf3 d4 30. Re5 Qd6 31. Qe2 Bxf3 32. Rxf3 Rc1+ 33.
Kf2 Nf6 34. h3 Nd5 0-1

[Event "Early-Titled-Tuesday-Blitz-June-18-2024"]
[Site "Chess.com"]
[Date "2024.06.18"]
[Round "7"]
[White "annasargsyan_m"]
[Black "BirdMaster3000"]
[Result "0-1"]
[WhiteElo "2614"]
[BlackElo "2773"]
[TimeControl "180+1"]
[EndTime "9:19:24 PDT"]
[Termination "BirdMaster3000 won by resignation"]

1. e4 c5 2. Nf3 e6 3. d4 cxd4 4.
Nxd4 Nc6 5. Nc3 Qc7 6. Be3 a6 7.
Qf3 Nf6 8. O-O-O Ne5 9. Qg3 b5 10. f4 Neg4 11. Bg1 h5 12. h3 b4 13. Na4 Nxe4 14. Qf3 Bb7 15. hxg4 hxg4 16. Rxh8 gxf3 17.
gxf3 Qxf4+ 18. Kb1 Nd2+ 19. Ka1 Nxf1 20. Ne2 Qxf3 21.
Bc5 O-O-O 22. Bxf8 Qxe2 23. Rc1 Qb5 24. b3 Ne3 25. c3 Be4 26. cxb4+ Nc2+ 27. Kb2 Qe5+ 28. Nc3 Bg6 29. a4 d5 30. Rxc2 Bxc2 31. Kxc2 d4 0-1

[Event "Early-Titled-Tuesday-Blitz-June-18-2024"]
[Site "Chess.com"]
[Date "2024.06.18"]
[Round "7"]
[White "lamomiajunior"]
[Black "Crazy_girl99"]
[Result "1-0"]
[WhiteElo "2735"]
[BlackElo "2610"]
[TimeControl "180+1"]
[EndTime "9:19:24 PDT"]
[Termination "lamomiajunior won on time"]

1. e4 e5 2. Nf3 Nc6 3. Bc4 Bc5 4.
c3 Nf6 5. d3 d6 6. Bg5 h6 7.
Bh4 Qe7 8. b4 Bb6 9. a4 a5 10. b5 Nd8 11. O-O Be6 12. Nbd2 g5 13.
Bg3 O-O 14. Re1 Kg7 15. d4 exd4 16. e5 Nh5 17. exd6 cxd6 18. cxd4 Nxg3 19. hxg3 Qd7 20. d5 Bf5 21. Nb3 Rc8 22. Bd3 Rc3 23. Bxf5 Qxf5 24.
Ra2 Qf6 25. Rae2 Rc4 26. Nbd2 Rb4 27. Ne4 Qg6 28. g4 Re8 29. Ng3 Rxe2 30. Qxe2 Rxa4 31. Nf5+ Kh7 32. Ne7 1-0

[Event "Early-Titled-Tuesday-Blitz-June-18-2024"]
[Site "Chess.com"]
[Date "2024.06.18"]
[Round "7"]
[White "JanMur7"]
[Black "Smiechu"]
[Result "1-0"]
[WhiteElo "2259"]
[BlackElo "2341"]
[TimeControl "180+1"]
[EndTime "9:19:26 PDT"]
[Termination "JanMur7 won on time"]

1. c4 Nf6 2. Nc3 c5 3. g3 Nc6 4.
Bg2 g6 5. e3 Bg7 6. Nge2 O-O 7.
O-O e5 8. d4 exd4 9. exd4 d6 10. dxc5 dxc5 11. Be3 Qe7 12. Nd5 Nxd5 13. cxd5 Ne5 14. d6 Qf6 15. Bxc5 Bd7 16. Nc3 Rac8 17. Bxa7 Nc4 18. Nd5 Qxd6 19. b4 Bc6 20. Bc5 Qd7 21. Ne7+ Kh8 22. Qxd7 Bxd7 23. Rac1 b5 24. Nxc8 Rxc8 25.
a4 Nd2 26. Rfd1 Nb3 27. Rxd7 Nxc1 28. axb5 Ne2+ 29. Kf1 Nc3 30. b6 Nb5 31. b7 Rb8 32.
Bc6 Nc3 33. Ba7 1-0

[Event "Early-Titled-Tuesday-Blitz-June-18-2024"]
[Site "Chess.com"]
[Date "2024.06.18"]
[Round "7"]
[White "shirovin"]
[Black "AlphaPerseii"]
[Result "0-1"]
[WhiteElo "2105"]
[BlackElo "2395"]
[TimeControl "180+1"]
[EndTime "9:19:28 PDT"]
[Termination "AlphaPerseii won on time"]

1. e4 e5 2. Nf3 Nc6 3. Bc4 Be7 4. d4 exd4 5. c3 dxc3 6. Nxc3 d6 7.
Qb3 Na5 8. Bxf7+ Kf8 9. Qa4 Kxf7 10. Qxa5 c6 11. O-O Qxa5 12. Be3 Bg4 13. Nd4 Nf6 14. f3 Bd7 15. g4 Rhf8 16. g5 Nh5 17. f4 Kg8 18. Rad1 Rae8 19. f5 Qd8 20. Nf3 a6 21. Kh1 Qc8 22. Nh4 Rf7 23. Rg1 d5 24. exd5 cxd5 25.
Nxd5 Bc6 26. Nf3 Bf8 27. Bf2 Rxf5 28. Rd3 Rxf3 29. Rxf3 Bxd5 0-1

[Event "Early-Titled-Tuesday-Blitz-June-18-2024"]
[Site "Chess.com"]
[Date "2024.06.18"]
[Round "7"]
[White "MKlose11"]
[Black "Rutricks"]
[Result "0-1"]
[WhiteElo "2574"]
[BlackElo "2758"]
[TimeControl "180+1"]
[EndTime "9:19:29 PDT"]
[Termination "Rutricks won by resignation"]

1. e4 g6 2. d4 Bg7 3. Be3 c6 4. Qd2 d5 5. e5 f6 6. f4 Nh6 7.
h3 Nf5 8. Bf2 fxe5 9. dxe5 O-O 10. Nf3 b6 11. Nc3 e6 12. Be2 c5 13. O-O Bb7 14. Ng5 Qe7 15. g4 Nd4 16. Bxd4 cxd4 17. Nb5 h6 18. Nf3 Ba6 19. Nfxd4 Bxb5 20. Bxb5 a6 21.
Bd3 g5 22. f5 Qc5 23. f6 Qxd4+ 24. Rf2 Nc6 25. c3 Qxe5 26. Re1 Qg3+ 27. Rg2 Qd6 28.
fxg7 Kxg7 29. Bb1 Rf6 30. Qd3 Rh8 31. Rf2 Ne5 32. Qe2 Nd7 33. Rxf6 Nxf6 34. Qd3 Kf8 35. Qg6 Qg3+ 36. Kf1 Qf3+ 37. Kg1 Qg3+ 38. Kf1 Qxh3+ 39.
Ke2 Qxg4+ 40. Kd2 Qf4+ 41. Kd1 Rg8 42. Qxh6+ Ke7 43. Bd3 g4 44. Rf1 Qxh6 0-1

[Event "Early-Titled-Tuesday-Blitz-June-18-2024"]
[Site "Chess.com"]
[Date "2024.06.18"]
[Round "7"]
[White "HouseOfDurin"]
[Black "A4RookA3"]
[Result "0-1"]
[WhiteElo "2298"]
[BlackElo "2435"]
[TimeControl "180+1"]
[EndTime "9:19:30 PDT"]
[Termination "A4RookA3 won by checkmate"]

1. d4 Nf6 2. Bg5 Ne4 3. h4 c5 4. dxc5 Qa5+ 5. Nd2 Nc6 6. c3 Nxd2 7. Qxd2 Qxc5 8. e4 d6 9. Be3 Qa5 10. Nf3 Bg4 11.
Be2 g6 12. Nd4 Bxe2 13. Qxe2 Bg7 14. O-O O-O 15. g4 h5 16. gxh5 Qxh5 17. Qxh5 gxh5 18. f4 Nxd4 19. Bxd4 Bxd4+ 20. cxd4 Rfc8 21. Rac1 f5 22. e5 Kf7 23. Kf2 Ke6 24. Ke3 Kd5 25. Kd3 e6 26. exd6 Kxd6 27. Rfe1 Rg8 28. Re3 Rg4 29. Rce1 Re8 30. d5 Kxd5 31. Re5+ Kd6 32. Rxf5 exf5 33. Rxe8 Rxf4 34. Rf8 Rxh4 35. Rxf5 Rh2 36.
b4 a6 37. a4 Rh4 38. Kc3 Rh3+ 39. Kc4 h4 40. Rf6+ Kc7 41. Rf7+ Kb8 42. Kc5 Ka7 43. b5 axb5 44. axb5 Rc3+ 45. Kb4 Rg3 46. Rh7 h3 47. Ka5 Ra3+ 48. Kb4 Rg3 49. Kc5 Rg5+ 50. Kb4 Kb6 51. Rh6+ Kc7 52. Rxh3 Rg4+ 53. Ka5 b6+ 54. Ka6 Ra4# 0-1

[Event "Early-Titled-Tuesday-Blitz-June-18-2024"]
[Site "Chess.com"]
[Date "2024.06.18"]
[Round "7"]
[White "RamonManon0g"]
[Black "Vesper2018"]
[Result "1-0"]
[WhiteElo "2468"]
[BlackElo "2597"]
[TimeControl "180+1"]
[EndTime "9:19:31 PDT"]
[Termination "RamonManon0g won on time"]

1. e4 c5 2. Nf3 d6 3. Bb5+ Nd7 4. a4 a6 5. Be2 Ngf6 6. Nc3 b6 7. O-O Bb7 8. d3 g6 9. Bg5 Bg7 10. Qd2 Ne5 11. Nxe5 dxe5 12. f4 h6 13. Bxf6 Bxf6 14. f5 Bg5 15. Qe1 Qd4+ 16. Kh1 O-O-O 17. fxg6 fxg6 18.
Bg4+ Kb8 19. Be6 Rhf8 20. Qg3 Rf6 21. Bd5 Bf4 22. Qh3 Bc8 23. Qh4 g5 24. Qh5 Rdf8 25. Ne2 Qxb2 26. c4 Qc2 27. Nxf4 Rxf4 28. Rxf4 Rxf4 29.
Qxh6 e6 30. Qxg5 Qc3 31. Rb1 exd5 32. Rxb6+ Ka7 33. Rb1 Qxd3 34. Qe7+ Ka8 35. Rg1 Rf1 36. exd5 Qd1 37. Qxc5 Rxg1+ 38. Qxg1 Qxg1+ 39. Kxg1 a5 40. h4 Bg4 41. Kf2 Kb7 42. Ke3 Bf5 43. g4 Bxg4 44.
Ke4 Kb6 45. Kxe5 Kc5 46. d6 1-0

[Event "Early-Titled-Tuesday-Blitz-June-18-2024"]
[Site "Chess.com"]
[Date "2024.06.18"]
[Round "7"]
[White "Kostukov_Alex"]
[Black "Schattman"]
[Result "0-1"]
[WhiteElo "2316"]
[BlackElo "2506"]
[TimeControl "180+1"]
[EndTime "9:19:31 PDT"]
[Termination "Schattman won on time"]

1. g3 d5 2. Bg2 Nf6 3. d3 e6 4. e4 Be7 5. e5 Nfd7 6. Qe2 c5 7. Nf3 Nc6 8. O-O b6 9. c4 dxc4 10. dxc4 Qc7 11. Bf4 h6 12. h4 Bb7 13. Nc3 a6 14. h5 Nd4 15. Qd1 Rd8 16. Nxd4 cxd4 17. Qxd4 Nc5 18.
Qe3 Bxg2 19. Kxg2 Rd3 20. Qe2 O-O 21. Rad1 Rfd8 22. Rxd3 Rxd3 23. Rd1 Qc6+ 24. Kg1 Rxd1+ 25. Qxd1 a5 26. b3 Kh8 27. Qd2 Ne4 28. Nxe4 Qxe4 29.
Qd7 Bc5 0-1

[Event "Early-Titled-Tuesday-Blitz-June-18-2024"]
[Site "Chess.com"]
[Date "2024.06.18"]
[Round "7"]
[White "axvesik"]
[Black "H3nriqueTV"]
[Result "1-0"]
[WhiteElo "2557"]
[BlackElo "2383"]
[TimeControl "180+1"]
[EndTime "9:19:32 PDT"]
[Termination "axvesik won by resignation"]

1. e4 c5 2. Nf3 d6 3. d4 cxd4 4. Nxd4 Nf6 5. Nc3 Nc6 6. Bc4 e6 7. Be3 a6 8. Qe2 Qc7 9. O-O-O Be7 10. g4 Nd7 11. g5 b5 12. Bb3 Bb7 13. Bxe6 fxe6 14.
Nxe6 Qa5 15. Nxg7+ Kf7 16. Nf5 Nde5 17. Kb1 Bf8 18. f4 Ng6 19. Nxd6+ Bxd6 20. Rxd6 Rad8 21.
Rf6+ Kg7 22. Qh5 Rhf8 23. f5 Nce7 24. Bb6 Qb4 25. Bxd8 Rxd8 26. fxg6 Nxg6 27. Rhf1 Rd7 28. a3 Qe7 29. e5 Qxe5 30. Qh6+ Kg8 31. Rf8+ 1-0

[Event "Early-Titled-Tuesday-Blitz-June-18-2024"]
[Site "Chess.com"]
[Date "2024.06.18"]
[Round "7"]
[White "DvaHrasta"]
[Black "N_I_Chess"]
[Result "1-0"]
[WhiteElo "2516"]
[BlackElo "2330"]
[TimeControl "180+1"]
[EndTime "9:19:33 PDT"]
[Termination "DvaHrasta won by resignation"]

1. c4 Nf6 2. g3 e5 3. Bg2 c6 4.
d4 e4 5. d5 Bb4+ 6. Bd2 Qe7 7.
a3 Bxd2+ 8. Qxd2 d6 9. Nc3 O-O 10. dxc6 bxc6 11. O-O-O d5 12. cxd5 cxd5 13. Nxd5 Nxd5 14.
Qxd5 Bb7 15. Qd6 Qg5+ 16. e3 Na6 17. Ne2 Nc5 18. Nd4 Rab8 19. h4 Qh5 20. g4 Qxg4 21.
Bh3 Qg6 22. Qxc5 Rbc8 23. Bxc8 Rxc8 24. Nc2 h6 25. Qd4 Ba6 26. Rhg1 Rc3 1-0

[Event "Early-Titled-Tuesday-Blitz-June-18-2024"]
[Site "Chess.com"]
[Date "2024.06.18"]
[Round "7"]
[White "DmitryMaximov"]
[Black "Mikhail_Golubev"]
[Result "1-0"]
[WhiteElo "2782"]
[BlackElo "2655"]
[TimeControl "180+1"]
[EndTime "9:19:34 PDT"]
[Termination "DmitryMaximov won by resignation"]

1. e4 c5 2. Nf3 d6 3. c3 Nf6 4. Bc4 e6 5. Bd3 Be7 6. Bc2 O-O 7. d4 cxd4 8. cxd4 Nc6 9. Nc3 e5 10. d5 Nb8 11. O-O a6 12. a4 Bg4 13. h3 Bxf3 14. Qxf3 Nbd7 15. Be3 Rc8 16. a5 g6 17. Rfc1 Nh5 18.
Ne2 Bg5 19. Ra3 Bxe3 20. Qxe3 Ng7 21. Qd2 f5 22. exf5 Nxf5 23. Bxf5 Rxf5 24. Rxc8 Qxc8 25. Rc3 Qf8 26. Ng3 Rf4 27. Rc7 Nf6 28. Rxb7 Rd4 29.
Qc2 Nxd5 30. Kh2 Rb4 31. Ra7 Rd4 32. Rxa6 Nb4 33. Qb3+ d5 34. Rb6 Nd3 35. Rb8 1-0

[Event "Early-Titled-Tuesday-Blitz-June-18-2024"]
[Site "Chess.com"]
[Date "2024.06.18"]
[Round "7"]
[White "aa175"]
[Black "TigrVShlyape"]
[Result "0-1"]
[WhiteElo "2864"]
[BlackElo "3005"]
[TimeControl "180+1"]
[EndTime "9:19:35 PDT"]
[Termination "TigrVShlyape won by resignation"]

1. d4 d5 2. Bf4 c6 3. c3 Qb6 4. Qb3 Bf5 5. Nd2 e6 6. e3 Nd7 7. Ngf3 Ngf6 8. Nh4 Bg6 9. Nxg6 hxg6 10. h3 Be7 11. c4 a5 12. c5 Qa7 13. Qc2 b6 14. cxb6 Qxb6 15. Bd3 c5 16. Nf3 cxd4 17. exd4 Bb4+ 18.
Bd2 O-O 19. O-O Rfc8 20. Qd1 Bxd2 21. Qxd2 a4 22. Rfc1 Ne4 23. Bxe4 dxe4 24. Ne5 Rd8 25. Nc6 Re8 26. Qg5 Nf6 27. Rc2 Nd5 28. Rac1 Nb4 29. Nxb4 Qxb4 30. Qe5 Red8 31. Qxe4 Qxd4 32. Qf3 Qf6 33.
Qe4 Rdb8 34. a3 Qf5 35. Qd4 Qf6 36. Qe4 Ra7 37. Rc8+ Rxc8 38. Rxc8+ Kh7 39. Qb4 g5 40. Qb8 Rd7 41. Rh8+ Kg6 42. g3 Qf3 43. Rd8 Qd1+ 0-1

[Event "Early-Titled-Tuesday-Blitz-June-18-2024"]
[Site "Chess.com"]
[Date "2024.06.18"]
[Round "7"]
[White "Aradhya2000"]
[Black "Lion-Al-Messi"]
[Result "1-0"]
[WhiteElo "2819"]
[BlackElo "2631"]
[TimeControl "180+1"]
[EndTime "9:19:38 PDT"]
[Termination "Aradhya2000 won by resignation"]

1. d4 Nf6 2. Nf3 b6 3. c4 Bb7 4. Nc3 e6 5. a3 d5 6. Qc2 Be7 7. cxd5 Nxd5 8. e4 Nxc3 9. bxc3 c5 10. Bb5+ Bc6 11. Bd3 Nd7 12. O-O Rc8 13. d5 exd5 14. exd5 Bxd5 15. Rd1 Bxf3 16. gxf3 Qc7 17. Bb5 Rd8 18.
Qf5 g6 19. Bf4 Qb7 20. Qd5 Qc8 21. Re1 O-O 22. Rxe7 Nf6 23. Qe5 Nh5 24. Bh6 Qh3 25. Bf1 Qxf3 26. Be2 Qf6 27. Bxf8 Qxe5 28. Rxe5 Nf4 29.
Bh6 f6 30. Re7 Nxe2+ 31. Rxe2 Kf7 32. Rae1 g5 33. f4 Kg6 34. fxg5 fxg5 35. Re6+ Kh5 36. R1e5 Rd1+ 37. Kf2 Rd2+ 38. Ke1 Ra2 39. Bxg5 Kg4 40.
Bd2 Kf3 41. Rf6+ Kg2 42. Rg5+ Kh1 43. h4 Ra1+ 44. Ke2 h5 45. Rf1+ Rxf1 46. Kxf1 c4 47. Bf4 1-0

[Event "Early-Titled-Tuesday-Blitz-June-18-2024"]
[Site "Chess.com"]
[Date "2024.06.18"]
[Round "7"]
[White "only_strong_moves"]
[Black "chessbaerchen"]
[Result "0-1"]
[WhiteElo "2651"]
[BlackElo "2694"]
[TimeControl "180+1"]
[EndTime "9:19:38 PDT"]
[Termination "chessbaerchen won by resignation"]

1. Nc3 d5 2. e4 d4 3. Nce2 e5 4. c3 c5 5. Ng3 Nf6 6. Nf3 Be6 7. Bb5+ Nc6 8. Nxe5 Qc7 9. Nxc6 bxc6 10. Ba4 Bd6 11.
O-O O-O 12. d3 Ng4 13. f4 f6 14. Bb3 Bxb3 15. Qxb3+ Kh8 16. Nf5 g6 17. Nxd6 Qxd6 18.
h3 Nh6 19. f5 g5 20. cxd4 cxd4 21. Bd2 Nf7 22. Rac1 Rab8 23. Qc2 Ne5 24. a3 c5 25. b4 c4 26. dxc4 Rbc8 27. c5 Qc6 28. Rce1 Qb5 29. Bc1 a5 30. Qb3 axb4 31. axb4 Rxc5 32. Qe6 Rc6 33.
Qe7 Rcc8 34. Bxg5 fxg5 35. f6 Rf7 36. Qe6 Re8 37. Qf5 Qxb4 38. Rc1 Qf8 39. Rc5 Qxc5 0-1

[Event "Early-Titled-Tuesday-Blitz-June-18-2024"]
[Site "Chess.com"]
[Date "2024.06.18"]
[Round "7"]
[White "ejalmedina"]
[Black "Qvalda"]
[Result "1/2-1/2"]
[WhiteElo "2313"]
[BlackElo "2440"]
[TimeControl "180+1"]
[EndTime "9:19:40 PDT"]
[Termination "Game drawn by repetition"]

1. d4 d5 2. c4 e6 3. Nc3 Nf6 4. cxd5 exd5 5. Bg5 c6 6. e3 Bf5 7. Qf3 Bg6 8. Bxf6 Qxf6 9. Qxf6 gxf6 10. h4 h5 11.
Nge2 Bd6 12. g3 a5 13. Bg2 a4 14. O-O Nd7 15. Rac1 Nb6 16. e4 dxe4 17. Nxe4 Bxe4 18.
Bxe4 Kd7 19. Rfd1 Ra5 20. Nc3 f5 21. Bf3 f4 22. d5 cxd5 23. Nxd5 Nxd5 24. Bxd5 fxg3 25.
fxg3 Rg8 26. Rc3 Rxg3+ 27. Rxg3 Bxg3 28. Bxf7+ Ke7 29. Rd5 Ra6 30. Bxh5 Rb6 31. Rd2 Bxh4 32. Bd1 Rg6+ 33. Rg2 Rxg2+ 34. Kxg2 b5 35. Be2 b4 36. Bd1 a3 37. bxa3 bxa3 38. Bb3 Bf6 39. Bc4 Bg7 40. Bb3 Bf6 41. Bc4 Bg7 42. Bb3 Bf6 1/2-1/2

[Event "Early-Titled-Tuesday-Blitz-June-18-2024"]
[Site "Chess.com"]
[Date "2024.06.18"]
[Round "7"]
[White "unkiyto"]
[Black "pinelone"]
[Result "0-1"]
[WhiteElo "2675"]
[BlackElo "2482"]
[TimeControl "180+1"]
[EndTime "9:19:41 PDT"]
[Termination "pinelone won by checkmate"]

1. e4 c6 2. d4 d5 3. e5 c5 4. dxc5 e6 5. a3 Bxc5 6. Qg4 Ne7 7. Nf3 Nf5 8. Bd3 h5 9. Qf4 Nc6 10. O-O Bd7 11. b4 Bb6 12. Bb2 Nce7 13. Qg5 Ng6 14.
Bxf5 exf5 15. e6 Bxe6 16. Bxg7 Qxg5 17. Nxg5 Rg8 18. Bf6 Rc8 19. Nc3 Nf4 20. Na4 Rg6 21. Nxb6 axb6 22. Nxe6 fxe6 23. Be5 Nxg2 24. Kh1 Nh4 25.
c3 Nf3 26. Bg3 h4 27. Bf4 Rc4 28. Be3 Rxc3 29. Bxb6 h3 30. Rac1 Rg2 31. Bc7 Rxc7 32. Rxc7 Rxh2# 0-1

[Event "Early-Titled-Tuesday-Blitz-June-18-2024"]
[Site "Chess.com"]
[Date "2024.06.18"]
[Round "7"]
[White "Gareth-Bale11"]
[Black "GOGIEFF"]
[Result "1-0"]
[WhiteElo "2968"]
[BlackElo "3015"]
[TimeControl "180+1"]
[EndTime "9:19:42 PDT"]
[Termination "Gareth-Bale11 won by resignation"]

1. e4 c5 2. Nf3 d6 3. Bb5+ Nd7 4. O-O a6 5. Bd3 Ngf6 6. Re1 e6 7. c3 b5 8. a4 c4 9. Bc2 Bb7 10. d4 cxd3 11. Bxd3 Be7 12. axb5 axb5 13. Rxa8 Qxa8 14. Na3 Bxe4 15. Nxb5 Qb7 16. Bxe4 Nxe4 17. c4 O-O 18. b3 d5 19. Be3 dxc4 20. bxc4 Rc8 21. Qd3 Ndc5 22. Qc2 h6 23. Rd1 f5 24. h3 Qa6 25.
Ne5 Bf6 26. Ng6 Qa4 27. Qe2 Qb3 28. Qf1 Na4 29. Nd4 Qxc4 30. Qxc4 Rxc4 31. Nxe6 Kf7 32.
Nef4 Nac3 33. Rd7+ Ke8 34. Rb7 Nd1 35. Nd5 Ba1 36. Bb6 Bf6 37. Nxf6+ 1-0

[Event "Early-Titled-Tuesday-Blitz-June-18-2024"]
[Site "Chess.com"]
[Date "2024.06.18"]
[Round "7"]
[White "dealshark"]
[Black "Sondremelaa"]
[Result "0-1"]
[WhiteElo "2449"]
[BlackElo "2611"]
[TimeControl "180+1"]
[EndTime "9:19:43 PDT"]
[Termination "Sondremelaa won by resignation"]

1. e4 e5 2. Nf3 Nc6 3. Bb5 Nge7 4.
O-O g6 5. d4 exd4 6. Nxd4 Bg7 7.
Be3 O-O 8. Nc3 a6 9. Bc4 d6 10. Qd2 Kh8 11. Rad1 f5 12. exf5 Nxf5 13. Nxf5 Bxf5 14.
Bh6 Bxh6 15. Qxh6 Bxc2 16. Rd2 Bf5 17. Re1 Ne5 18. Bb3 Qe7 19. Rde2 Qg7 20. Qh4 Qf6 21. Qb4 Nd3 22. Qxb7 Nxe1 23. Rxe1 Bc8 24. Qf3 Qxf3 25. gxf3 Bb7 26. Nd5 Bxd5 27. Bxd5 Rae8 28. Rc1 c5 29. b3 a5 30. a4 Re5 31. Bc6 Rb8 32. Rc3 Kg7 33. Kg2 g5 34. Kg3 Kf6 35. h3 Rb6 36. Bb5 Rb7 37. Rc4 Rbe7 38. Bc6 h5 39. Kg2 Rf5 40.
Be4 Rf4 41. Rc3 Re5 42. Rd3 Ke6 43. Kg3 d5 44. Bg6 Rd4 45. Rc3 h4+ 46. Kg2 Kd6 47. Bd3 c4 48. Rxc4 dxc4 0-1

[Event "Early-Titled-Tuesday-Blitz-June-18-2024"]
[Site "Chess.com"]
[Date "2024.06.18"]
[Round "7"]
[White "elizabethcastaneda"]
[Black "Chaubunagungamaug1"]
[Result "0-1"]
[WhiteElo "2161"]
[BlackElo "2482"]
[TimeControl "180+1"]
[EndTime "9:19:43 PDT"]
[Termination "Chaubunagungamaug1 won by checkmate"]

1. e4 c5 2. Nf3 Nc6 3. d4 cxd4 4.
Nxd4 Nf6 5. Nc3 e6 6. g3 Bb4 7.
Bg2 d5 8. exd5 Nxd5 9. Nxc6 bxc6 10. O-O O-O 11. Ne4 f5 12. Bg5 Qb6 13. c3 Be7 14.
Bxe7 Nxe7 15. Qd6 Ng6 16. Ng5 Rd8 17. Qxc6 Qxc6 18. Bxc6 Rb8 19. b3 h6 20. Nf3 Rd3 21. Rac1 Rb6 22. Nd4 e5 23. Bd5+ Kh7 24. Bc4 Rd2 25.
Rc2 Rxc2 26. Nxc2 Rd6 27. Ne3 Rd2 28. b4 f4 29. Nd5 Bb7 30. Nc7 fxg3 31. hxg3 e4 32. Re1 Ne5 33. Be2 Rxa2 34. c4 Rc2 35. c5 Nd3 36. Bxd3 exd3 37. Rd1 d2 38. Kh2 Rc1 39.
Rxd2 Rh1# 0-1

[Event "Early-Titled-Tuesday-Blitz-June-18-2024"]
[Site "Chess.com"]
[Date "2024.06.18"]
[Round "7"]
[White "Iuckyducky"]
[Black "Barmen_EV"]
[Result "0-1"]
[WhiteElo "2305"]
[BlackElo "2544"]
[TimeControl "180+1"]
[EndTime "9:19:45 PDT"]
[Termination "Barmen_EV won on time"]

1. e4 e6 2. d4 d5 3. Nc3 Nc6 4. Nf3 Nf6 5. Bd3 Bb4 6. exd5 exd5 7. O-O Bxc3 8. bxc3 O-O 9. Bg5 Qd6 10. Qd2 h6 11. Bf4 Qe6 12. Rfe1 Qg4 13. h3 Qh5 14. Ne5 Ne4 15.
Bxe4 dxe4 16. Nxc6 bxc6 17. Rxe4 Qg6 18. Rae1 Bxh3 19. Bg3 Bf5 20. Re7 Kh7 21. Rxc7 Rfe8 22. Ree7 Rxe7 23. Rxe7 Bxc2 24. Qf4 Bf5 25. Qc7 Be6 26.
Qxc6 Rc8 27. Rc7 Rb8 28. Rb7 Rc8 29. Rc7 Qb1+ 30. Kh2 Rb8 31. Rxa7 Rb5 32. Qf3 Qg6 33. Be5 f6 34. Bf4 Rh5+ 0-1